 Dungeon Crawl Stone Soup version 0.27-a0-79-gcaaa221d37 (webtiles) character file.

Game seed: 7955740804614843401

57 dickylongcocking the Insei (level 4, -3/28 HPs)
             Began as an Octopode Transmuter on Jan 15, 2021.
             Killed from afar by Sigmund (12 damage)
             ... with a puff of flame
             ... on level 2 of the Dungeon.
             The game lasted 00:01:03 (993 turns).

dickylongcocking the Insei (Octopode Transmuter)     Turns: 993, Time: 00:01:04

Health: -3/28      AC:  2    Str:  9    XL:     4   Next: 0%
Magic:  1/7        EV: 19    Int: 16    God:
Gold:   70         SH:  0    Dex: 17    Spells: 1/7 levels left

rFire    . . .     SeeInvis .     - Unarmed
rCold    . . .     Faith    .   (shield currently unavailable)
rNeg     . . .     Spirit   .   (helmet currently unavailable)
rPois    x         Reflect  .   (no amulet)
rElec    .         Harm     .   (no ring)
rCorr    .         Rampage  .   (no ring)
Will     .....                  (no ring)
Stlth    ++........             (no ring)
HPRegen  0.09/turn              (no ring)
MPRegen  0.10/turn              (no ring)
                                (no ring)
                                (no ring)

@: spider-form (expiring), very slightly contaminated
A: tiny, almost no armour, stealthy swim, (amphibious), 8 rings, (constrict 8)
a: End Transformation


You were on level 2 of the Dungeon.
You were a venomous arachnid creature.
You visited 1 branch of the dungeon, and saw 2 of its levels.

You collected 70 gold pieces.

Inventory:

Scrolls
 a - a scroll of noise {unknown}
 c - a scroll of amnesia {unknown}
Potions
 b - a potion of curing
 d - a potion of brilliance {unknown}


   Skills:
 - Level 1.0 Fighting
 - Level 2.0 Dodging
 + Level 2.7 Stealth
 * Level 4.2 Unarmed Combat
 - Level 2.0 Spellcasting
 - Level 2.0 Transmutations


You had one spell level left.
You knew the following spells:

 Your Spells              Type           Power        Failure   Level
a - Beastly Appendage     Tmut           16%          22%         1
b - Wereblood             Tmut           8%           32%         2
c - Spider Form           Tmut/Pois      2%           61%         3

Your spell library contained the following spells:

 Spells                   Type           Power        Failure   Level
 Ice Form                 Ice/Tmut       4%           92%         4
 Blade Hands              Tmut           4%           98%         5


Dungeon Overview and Level Annotations

Branches:
Dungeon (2/15)

Altars:
Fedhas

Annotations:
D:2 Sigmund


Innate Abilities, Weirdness & Mutations

You cannot wear most types of armour.
You are very stealthy in the water. (Stealth+)
((You are amphibious.))
You can wear up to eight rings at the same time.
((You can use your tentacles to constrict eight enemies at once.))
((Your skin changes colour to match your surroundings (Stealth+).))
((Your rubbery body absorbs attacks. (AC +1, EV +1)))


Message History

You hit the leopard gecko.
You kill the leopard gecko!
You have reached level 4!
Sigmund is nearby!
Your transformation is almost over.
Sigmund shouts!
You hear a shout!
Found a scroll labelled OQERAM DUTZ.
A goblin comes into view. It is wielding a +0 club.
Sigmund casts a spell at you. The puff of flame hits you!
A hobgoblin comes into view.
The goblin shouts!
You hit Sigmund but do no damage.
Sigmund is poisoned.
Sigmund hits you with a +0 scythe.
You hit Sigmund.
Sigmund looks as sick as possible!
Sigmund is lightly wounded.
A goblin comes into view.
Sigmund casts a spell at you. The puff of flame hits you!
You die...

.## .. #.## #
..##### .. #.....
..# ##.#.#####..#.
######......(...g..
#......#.....?.....
#.######...s@..g..g
#.# #.........?#
#.# #...........
#.# #........### .#
#.## #...$......
..##..#
.....?...#..
#.###.# .......####
# #.###.###..######
#.##......#


You could see Sigmund (extremely poisoned), a hobgoblin and 2 goblins.

Vanquished Creatures
  Natasha (D:2)
  A dart slug (D:2)
  4 leopard geckos
  3 bats
  5 giant cockroaches (D:1)
  2 goblins (D:1)
  A hobgoblin (D:1)
  A frilled lizard (D:1)
  4 kobolds
  5 rats
27 creatures vanquished.

Notes
Turn   | Place    | Note
-------+----------+-------------------------------------------
     0 | D:1      | dickylongcocking the Octopode Transmuter began the quest
                  | for the Orb.
     0 | D:1      | Reached XP level 1. HP: 13/13 MP: 3/3
     6 | D:1      | Noticed a black bear
     6 | D:1      | Noticed a killer bee
     6 | D:1      | Noticed a lindwurm
     6 | D:1      | Noticed an anaconda
   206 | D:1      | Reached skill level 1 in Stealth
   241 | D:1      | Reached XP level 2. HP: 18/18 MP: 5/5
   555 | D:1      | Reached XP level 3. HP: 21/23 MP: 4/6
   789 | D:2      | Noticed Natasha
   793 | D:2      | Killed Natasha
   794 | D:2      | Reached skill level 4 in Unarmed Combat
   794 | D:2      | Found a blossoming altar of Fedhas.
   937 | D:2      | Noticed Sigmund
   971 | D:2      | Learned a level 2 spell: Wereblood
   975 | D:2      | Learned a level 3 spell: Spider Form
   985 | D:2      | Reached XP level 4. HP: 20/28 MP: 0/7
   993 | D:2      | Killed from afar by Sigmund

Illustrated notes

Levels and vault maps discovered:
D:1:      onia_arrival_zoo_common, layout_basic, kennysheep_boxes
D:2:      layout_rooms, fedhas_altar_2, uniq_sigmund, uniq_crazy_yiuf_cottage,
          uniq_natasha

Skill      XL: |  1  2  3 |
---------------+----------+-----
Stealth        | 1 2 |  2.7
Unarmed Combat | 4 |  4.2
Fighting       | |  1.0
Dodging        | |  2.0
Spellcasting   | |  2.0
Transmutations | |  2.0

Action                   |  1- 3 |  4- 6 || total
-------------------------+-------+-------++-------
Melee: Unarmed           |    60 |     2 ||    62
       Constrict         |    13 |       ||    13
       Tentacles         |     2 |       ||     2
       Kick              |     4 |       ||     4
       Punch             |     1 |       ||     1
 Cast: Beastly Appendage |     9 |       ||     9
       Spider Form       |     1 |       ||     1
  Use: Potion            |     1 |       ||     1
 Stab: Sleeping          |    13 |       ||    13
Armor: Skin              |     4 |       ||     4
Dodge: Dodged            |    32 |       ||    32

Table legend: (Time is in decaauts)
 A = Elapsed time spent in this place.
 B = Non-inter-level travel time spent in this place.
 C = Inter-level travel time spent in this place.
 D = Time resting spent in this place.
 E = Time spent auto-exploring this place.
 F = Levels seen in this place.
 G = Mean time per level.
                   A        B        C        D        E       F      G
               +--------+--------+--------+--------+--------+-----+--------+
         Total |    989 |    955 |     34 |    145 |    597 |   2 |  494.5 |
       Dungeon |    989 |    955 |     34 |    145 |    597 |   2 |  494.5 |
               +--------+--------+--------+--------+--------+-----+--------+

Top non-repeatable levels by time:
     D:1: 897 daAuts
     D:2: 92 daAuts
